 Dungeon Crawl Stone Soup version 0.31.0-12-g77e489cdc1 (webtiles) character file.

Game seed: 2472880339502570016

14569 leafyfresh the Thaumaturge (level 12, -18/83 HPs)
             Began as a Djinni Ice Elementalist on Feb 24, 2024.
             Demolished by a two-headed ogre
             ... wielding a +0 giant club
              (27 damage)
             ... on level 11 of the Dungeon.
             The game lasted 00:24:26 (13171 turns).

leafyfresh the Thaumaturge (DjIE)                  Turns: 13171, Time: 00:24:27

Health: -18/83     AC:  5    Str: 13    XL:     12   Next: 46%
Gold:   895        EV: 15    Int: 27    God:
                   SH:  0    Dex: 15

rFire   + + .        b - +2 dagger (elec)
rCold   x . .        (no shield)
rNeg    . . .        H - +0 troll leather armour
rPois   ∞            (no helmet)
rElec   .            (no cloak)
rCorr   .            P - +1 pair of gloves
SInv    .            (boots unavailable)
Will    +....        D - amulet of the acrobat
Stlth   ++           n - +6 ring of strength
HPRegen 1.13/turn    C - +6 ring of intelligence
MPRegen 0.00/turn

%: acrobat, infuse magic (-19 HP)
@: flying, invisible
A: sickness immunity, fire resistance 2, cold vulnerability 1, float, innate
caster, HP casting, extra vitality 1
a: no special abilities


You were on level 11 of the Dungeon.
You visited 2 branches of the dungeon, and saw 12 of its levels.

You collected 895 gold pieces.

Inventory:

Hand Weapons
 b - a +2 dagger of electrocution (weapon)
 L - a +3 scimitar of flaming
 R - a +2 hand axe of electrocution
Missiles
 i - 3 throwing nets
Armour
 G - +1 steam dragon scales
 H - a +0 troll leather armour (worn)
 J - a +2 robe
 N - the +0 leather armour of Lumeac {^Contam Regen+ rCorr}
   (You found it on level 9 of the Dungeon)

   ^Contam:   It causes magical contamination when unequipped.
   Regen+:    It increases your rate of health regeneration.
   rCorr:     It protects you from acid and corrosion.
 P - a +1 pair of gloves (worn)
Magical Staves
 u - a staff of death
Jewellery
 c - a ring of protection from fire
 n - a +6 ring of strength (left hand)
 C - a +6 ring of intelligence (right hand)
 D - an amulet of the acrobat (around neck)
 M - an amulet of the acrobat
Talismans
 z - a flux talisman
Wands
 g - a wand of roots (11)
 t - a wand of digging (7)
 x - a wand of flame (11)
 E - a wand of charming (6)
 K - a wand of quicksilver (5)
Scrolls
 a - a scroll of vulnerability {unknown}
 d - 4 scrolls of butterflies
 o - 4 scrolls of teleportation
 v - 2 scrolls of immolation
 w - a scroll of brand weapon
 y - a scroll of poison
 B - 3 scrolls of noise
Potions
 e - 2 potions of might {unknown}
 f - 4 potions of invisibility
 h - 3 potions of brilliance
 j - 3 potions of enlightenment
 m - 3 potions of degeneration {unknown}
 q - 2 potions of magic {unknown}
 r - 5 potions of curing
 s - a potion of resistance {unknown}
 A - 3 potions of mutation {unknown}
 F - a potion of heal wounds {unknown}
 O - a potion of attraction {unknown}


   Skills:
 + Level 6.1 Fighting
 + Level 7.1 Dodging
 - Level 1.5 Stealth
 - Level 14.0 Spellcasting
 - Level 14.0 Conjurations
 - Level 14.0 Hexes
 - Level 14.0 Summonings
 - Level 14.0 Necromancy
 - Level 14.0 Translocations
 - Level 14.0 Fire Magic
 - Level 14.0 Ice Magic
 - Level 14.0 Air Magic
 - Level 14.0 Earth Magic
 - Level 14.0 Alchemy


You knew the following spells:

 Your Spells              Type           Power      Damage    Failure   Level
a - Freeze                Ice            100%       1d10      0%          1
b - Frozen Ramparts       Ice            100%       1d16      1%          3
c - Ozocubu's Armour      Ice            76%        N/A       1%          3
d - Summon Ice Beast      Ice/Summ       76%        N/A       1%          3
e - Apportation           Tloc           100%       N/A       0%          1
f - Call Imp              Summ           100%       N/A       1%          2
g - Stone Arrow           Conj/Erth      100%       3d13      1%          3
h - Gell's Gravitas       Tloc           76%        N/A       1%          3
i - Brom's Barrelling Bo  Conj/Erth      76%        2d9       1%          4
Your spell library was empty.

Dungeon Overview and Level Annotations

Branches:
Dungeon (11/15)            Temple (1/1) D:5            Lair (0/5) D:11
    Orc (0/2) D:11

Altars:
Cheibriados
Elyvilon
Fedhas
Gozag
Hepliaklqana
Nemelex Xobeh
Okawaru
Qazlal
Ru
Trog
Uskayaw
Wu Jian
Xom
Yredelemnul
Zin
The Shining One

Shops:
D:2 !   D:7 ?:   D:11 ?[(:

Annotations:
D:11 2 transporters


Innate Abilities, Weirdness & Mutations

You are immune to sickness and miasma.
You are immune to poison.
Your flesh is very heat resistant. (rF++)
You are vulnerable to cold. (rC-)
You float through the air rather than walking.
You learn spells naturally, not from books.
Your magical power is your life essence.
You have superior vitality. (+4 MHP)


Message History

* * * LOW HITPOINT WARNING * * *
The manticore claws you.
* * * LOW HITPOINT WARNING * * *
The manticore claws you.
* * * LOW HITPOINT WARNING * * *
Unknown command.
Casting: Stone Arrow (safe; 1% risk of failure)
Confirm with . or Enter, or press ? or * to list all spells.
Aiming: Stone Arrow (safe; 1% risk of failure)
Press: ? - help, Shift-Dir - straight line, f/p - manticore
Aim: a manticore (heavily wounded, 87% to hit)
The stone arrow hits the manticore!
The manticore is severely wounded.
* * * LOW HITPOINT WARNING * * *
The manticore bites you.
* * * LOW HITPOINT WARNING * * *
The manticore closely misses you. The manticore claws you.
* * * LOW HITPOINT WARNING * * *
Unknown command.
Casting: Stone Arrow (safe; 1% risk of failure)
Confirm with . or Enter, or press ? or * to list all spells.
Aiming: Stone Arrow (safe; 1% risk of failure)
Press: ? - help, Shift-Dir - straight line, f/p - manticore
Aim: a manticore (severely wounded, 87% to hit)
The stone arrow hits the manticore!!
You kill the manticore!
* * * LOW HITPOINT WARNING * * *
A two-headed ogre comes into view. It is wielding two +0 giant clubs.
Your Fighting skill increases to level 6!
Unknown command.
Casting: Stone Arrow (safe; 1% risk of failure)
Confirm with . or Enter, or press ? or * to list all spells.
Okay, then.
Aiming: Charm
Press: ? - help, Shift-Dir - straight line, f - two-headed ogre
Aim: a two-headed ogre, wielding two +0 giant clubs (chance to affect: 31%)
Okay, then.
You fade into invisibility!
The two-headed ogre hits you with a +0 giant club!!
You die...

.# ########### .#
##.........# #######
...........# ##....##
#####.##...###.#..#
'......###........####.##..#
#..........##...###(#.###.##
###+######....####.#.#.##.#
.......#...####)#.#.#.###.#
.........### #@#.#.#.##.#
C......### #O#.#.#.###.#
.....### ####.#.#.##.#
...### ##.#.###.# ####
####.##.# # ####.# # #.# #
#.# # #.#


You could see a two-headed ogre (unable to see you).

Vanquished Creatures
  Harold (D:11)
  3 two-headed ogres
  Erica (D:9)
  Amaemon (D:11)
  A manticore (D:11)
  An elephant (D:10)
  An orange demon (D:11)
  A kobold demonologist (D:11)
  Psyche (D:8)
  2 trolls
  A hornet (D:8)
  Sigmund (D:3)
  A wraith (D:11)
  A wyvern (D:9)
  12 yaks
  A basilisk (D:11)
  A steam dragon (D:7)
  Menkaure (D:5)
  An acid dragon (D:10)
  2 water moccasins
  2 black bears
  4 ice beasts
  3 orc warriors
  5 centaurs
  3 bullfrogs
  2 kobold brigands
  5 scorpions
  5 wights (D:8)
  7 killer bees (D:9)
  2 howler monkeys
  2 jellies (D:7)
  A gnoll bouda (D:7)
  6 hounds
  6 orc priests
  Jessica (D:3)
  6 iguanas
  9 orc wizards
  4 gnolls (D:7)
  7 adders
  4 shadow imps
  4 white imps
  2 ufetubi (D:7)
  3 dart slugs
  2 ribbon worms
  40 orcs
  7 bats
  6 endoplasms
  3 giant cockroaches
  7 goblins
  3 hobgoblins
  4 jackals (D:2)
  28 kobolds
  4 quokkas
  11 ball pythons
  4 frilled lizards (D:2)
  4 rats
251 creatures vanquished.

Vanquished Creatures (collateral kills)
  2 cyclopes
  A troll (D:10)
  6 yaks
  A wyvern (D:11)
  An orc warrior (D:9)
  A black bear (D:11)
  A kobold brigand (D:7)
  3 killer bees (D:9)
  2 howler monkeys (D:10)
  An orc priest (D:11)
  An orc wizard (D:11)
  An orc (D:11)
  5 kobolds
  3 boulders
29 creatures vanquished.

Vanquished Creatures (others)
  An orc wizard (D:8)
1 creature vanquished.

Grand Total: 281 creatures vanquished

Notes
Turn   | Place    | Note
-------+----------+-------------------------------------------
     0 | D:1      | leafyfresh the Djinni Ice Elementalist began the quest for
                  | the Orb.
     0 | D:1      | leafyfresh set off with the following spells memorised:
                  | Freeze, Frozen Ramparts, Ozocubu's Armour, Summon Ice
                  | Beast.
     0 | D:1      | Reached XP level 1. HP: 15/15 MP: 0/0
    99 | D:1      | Reached XP level 2. HP: 16/21 MP: 0/0
   390 | D:1      | Reached XP level 3. HP: 8/25 MP: 0/0
   390 | D:1      | Learned a level 1 spell: Apportation
  1014 | D:2      | Reached XP level 4. HP: 30/31 MP: 0/0
  1021 | D:2      | Found Dyjer's Distillery.
  1240 | D:2      | Found a faded altar of an unknown god.
  1674 | D:3      | Noticed Jessica
  1684 | D:3      | Killed Jessica
  1685 | D:3      | Reached skill level 5 in Spellcasting
  1685 | D:3      | Reached skill level 5 in Conjurations
  1685 | D:3      | Reached skill level 5 in Hexes
  1685 | D:3      | Reached skill level 5 in Summonings
  1685 | D:3      | Reached skill level 5 in Necromancy
  1685 | D:3      | Reached skill level 5 in Translocations
  1685 | D:3      | Reached skill level 5 in Fire Magic
  1685 | D:3      | Reached skill level 5 in Ice Magic
  1685 | D:3      | Reached skill level 5 in Air Magic
  1685 | D:3      | Reached skill level 5 in Earth Magic
  1685 | D:3      | Reached skill level 5 in Alchemy
  1685 | D:3      | Reached XP level 5. HP: 33/35 MP: 0/0
  1685 | D:3      | Learned a level 2 spell: Call Imp
  1995 | D:3      | Reached XP level 6. HP: 33/40 MP: 0/0
  2323 | D:3      | Noticed Sigmund
  2335 | D:3      | Killed Sigmund
  2336 | D:3      | Reached XP level 7. HP: 37/45 MP: 0/0
  2336 | D:3      | Learned a level 3 spell: Stone Arrow
  4094 | D:5      | Entered Level 5 of the Dungeon
  4121 | D:5      | Reached XP level 8. HP: 39/50 MP: 0/0
  4184 | D:5      | Found a blossoming altar of Fedhas.
  4332 | D:5      | Found a staircase to the Ecumenical Temple.
  4343 | Temple   | Entered the Ecumenical Temple
  4832 | D:5      | Noticed Menkaure
  4839 | D:5      | Killed Menkaure
  5143 | D:5      | Found a shimmering altar of Xom.
  5503 | D:6      | Reached XP level 9. HP: 8/55 MP: 0/0
  5503 | D:6      | Learned a level 3 spell: Gell's Gravitas
  6712 | D:7      | Noticed a two-headed ogre
  7031 | D:7      | Killed a two-headed ogre
  7032 | D:7      | Reached skill level 10 in Spellcasting
  7032 | D:7      | Reached skill level 10 in Conjurations
  7032 | D:7      | Reached skill level 10 in Hexes
  7032 | D:7      | Reached skill level 10 in Summonings
  7032 | D:7      | Reached skill level 10 in Necromancy
  7032 | D:7      | Reached skill level 10 in Translocations
  7032 | D:7      | Reached skill level 10 in Fire Magic
  7032 | D:7      | Reached skill level 10 in Ice Magic
  7032 | D:7      | Reached skill level 10 in Air Magic
  7032 | D:7      | Reached skill level 10 in Earth Magic
  7032 | D:7      | Reached skill level 10 in Alchemy
  7716 | D:7      | Reached XP level 10. HP: 54/60 MP: 0/0
  7961 | D:7      | Found Nuhug's Magic Scroll Shoppe.
  8054 | D:7      | Found Quigajoh's Self-Published Books.
  9031 | D:8      | Noticed a cyclops
  9043 | D:8      | Killed a cyclops
  9327 | D:8      | Noticed Psyche
  9338 | D:8      | Killed Psyche
  9676 | D:9      | Noticed a two-headed ogre
  9683 | D:9      | Killed a two-headed ogre
  9785 | D:9      | Reached XP level 11. HP: 35/65 MP: 0/0
  9785 | D:9      | Learned a level 4 spell: Brom's Barrelling Boulder
 10009 | D:9      | Noticed Erica
 10017 | D:9      | Killed Erica
 10455 | D:9      | Identified the +0 leather armour of Lumeac {^Contam Regen+
                  | rCorr}
 11194 | D:10     | Entered Level 10 of the Dungeon
 11375 | D:10     | Reached skill level 1 in Fighting
 11543 | D:10     | Found a glowing golden altar of the Shining One.
 11546 | D:10     | Found a blossoming altar of Fedhas.
 11659 | D:11     | Found a staircase to the Orcish Mines.
 11742 | D:11     | Found a staircase to the Lair.
 11745 | D:11     | Noticed an elephant
 11765 | D:10     | Killed an elephant
 12028 | D:11     | Reached XP level 12. HP: 67/76 MP: 0/0
 12086 | D:11     | Noticed a two-headed ogre
 12096 | D:11     | Killed a two-headed ogre
 12097 | D:11     | Reached skill level 5 in Dodging
 12350 | D:11     | Found Wozuckus's Weapon Shop.
 12375 | D:11     | Found Kuov Mui's Book Shop.
 12375 | D:11     | Noticed Amaemon
 12376 | D:11     | Noticed Harold
 12401 | D:11     | Killed Amaemon
 12405 | D:11     | Killed Harold
 12406 | D:11     | Reached skill level 5 in Fighting
 12529 | D:11     | Found a transporter.
 12529 | D:11     | Found Roizxou's Armour Emporium.
 12565 | D:11     | Found a transporter.
 12636 | D:11     | Found Vurghol's Magic Scroll Shop.
 13170 | D:11     | Noticed a two-headed ogre
 13171 | D:11     | Demolished by a two-headed ogre

Illustrated notes

Levels and vault maps discovered:
D:1:      dpeg_arrival_rooms_a, layout_rooms
D:2:      layout_loops_ring, dreamdust_ecumenical_altar_statues, serial_shops,
          shop
D:3:      cheibrodos_pilgrimage, layout_loops_corners, hangedman_decor_growths,
          kennysheep_orc_chapel, uniq_sigmund, uniq_jessica
D:4:      kennysheep_kobold_camp, layout_gridville
D:5:      layout_basic, gammafunk_temple_overflow_pools,
          minmay_temple_entry_offerings, kennysheep_small_circle, uniq_menkaure
D:6:      layout_rooms, nicolae_houndstooth_variations
D:7:      minmay_general_purpose_star, layout_basic, serial_shops, shop,
          nicolae_custom_books, dk_vineyard_2, minmay_fractal_squares_5
D:8:      due_megacathedral, layout_loops_cross, kennysheep_generic_room_13,
          uniq_pikel, uniq_psyche
D:9:      layout_irregular_city, kennysheep_generic_room_15, uniq_erica
D:10:     layout_big_octagon, nicolae_overflow_hidden_temple
D:11:     minmay_the_grid_triangle_9x9_rhombus_full
          [minmay_the_grid_triangle_9x9_alien,
          minmay_the_grid_triangle_9x9_fully_insulated_deathbox,
          minmay_the_grid_triangle_9x9_checkered,
          minmay_the_grid_triangle_9x9_odd_lines,
          minmay_the_grid_triangle_9x9_negative_grid,
          minmay_the_grid_triangle_9x9_pentomino_pain,
          minmay_the_grid_triangle_9x9_empty,
          minmay_the_grid_triangle_9x9_prize_center], layout_gridville,
          david_lair_generic, minmay_orc_entry_temple_small, serial_shops,
          nicolae_shop_drivethru, nicolae_shop_window_shopping, kennysheep_mini,
          shop_statue, nicolae_shop_tiny_waterfront, uniq_amaemon, uniq_harold
Temple:   eino_wide_crystal_templ

Skill      XL: |  1  2  3  4  5  6  7  8  9 10 11 12 |
---------------+-------------------------------------+-----
Spellcasting   | 4 5 6 7 9 10 12 14 | 14.0
Conjurations   | 4 5 6 7 9 10 12 14 | 14.0
Hexes          | 4 5 6 7 9 10 12 14 | 14.0
Summonings     | 4 5 6 7 9 10 12 14 | 14.0
Necromancy     | 4 5 6 7 9 10 12 14 | 14.0
Translocations | 4 5 6 7 9 10 12 14 | 14.0
Fire Magic     | 4 5 6 7 9 10 12 14 | 14.0
Ice Magic      | 4 5 6 7 9 10 12 14 | 14.0
Air Magic      | 4 5 6 7 9 10 12 14 | 14.0
Earth Magic    | 4 5 6 7 9 10 12 14 | 14.0
Alchemy        | 4 5 6 7 9 10 12 14 | 14.0
Fighting       | 3 6 |  6.1
Dodging        | 4 7 |  7.1
Stealth        | |  1.5

Action                     |  1- 3 |  4- 6 |  7- 9 | 10-12 || total
---------------------------+-------+-------+-------+-------++-------
  Melee: Unarmed           |    11 |       |       |       ||    11
         Dagger            |    63 |    41 |   205 |   109 ||   418
         Punch             |     1 |     2 |     1 |     2 ||     6
   Cast: Freeze            |    14 |     3 |     8 |    12 ||    37
         Frozen Ramparts   |     2 |     5 |    23 |    36 ||    66
         Ozocubu's Armour  |       |     2 |     8 |    18 ||    28
         Summon Ice Beast  |       |     1 |     9 |    26 ||    36
         Stone Arrow       |       |       |    15 |    32 ||    47
         Brom's Barrelling |       |       |       |     4 ||     4
         Gell's Gravitas   |       |       |       |     1 ||     1
    Use: Scroll            |       |       |     8 |     4 ||    12
         Potion            |       |       |       |     1 ||     1
   Stab: Sleeping          |     1 |     1 |     3 |     2 ||     7
 Armour: Robe              |    53 |    29 |   137 |       ||   219
         Steam dragon scal |       |       |       |    95 ||    95
         Troll leather arm |       |       |       |    64 ||    64
  Dodge: Dodged            |    67 |    24 |   148 |   151 ||   390
